 Dungeon Crawl Stone Soup version 0.30.0-30-g96aa6591b8 (webtiles) character file.

Game seed: 9371739826289241501

99404 McKennaii the Devastator (level 15, -8/108 HPs)
             Began as a Demigod Conjurer on June 29, 2023.
             Mangled by an alligator snapping turtle (25 damage)
             ... on level 1 of the Shoals.
             The game lasted 00:54:38 (37613 turns).

McKennaii the Devastator (Demigod Conjurer)        Turns: 37613, Time: 00:54:39

Health: -8/108     AC: 24    Str: 14    XL:     15   Next: 32%
Magic:  2/68       EV: 15    Int: 44    God:
Gold:   440        SH:  0    Dex: 17    Spells: 35/48 levels left

rFire   + . .        L - +1 demon whip of Ywothempia {flame, Will+ MP+9 Int+2 SInv}
rCold   + . .        (no shield)
rNeg    + . .        V - +8 scale mail of the Unseen Realm {rC+ Dex-4 Stlth+}
rPois   .            e - +0 helmet
rElec   .            W - +3 cloak "Biohyuha" {Regen+ MP+9 Str+7}
rCorr   .            X - +1 pair of gloves {Dex+3}
SInv    +            C - +1 pair of boots
Will    ++...        R - macabre finger necklace {Finger+ rN+}
Stlth   ++           P - +6 ring of intelligence
HPRegen 1.18/turn    v - +5 ring of evasion
MPRegen 0.41/turn    g - ring of Guhay {rF+ MP+9 Str-5 Dex+6}

%: no passive effects
@: studying 2 skills
A: high MP 1, forlorn, divine attributes
a: no special abilities


You were on level 1 of the Shoals.
You visited 5 branches of the dungeon, and saw 24 of its levels.
You also visited: Ossuary.

You collected 2419 gold pieces.
You spent 1979 gold pieces at shops.

Inventory:

Hand Weapons
 L - the +1 demon whip of Ywothempia (weapon) {flame, Will+ MP+9 Int+2 SInv}
   (You took it off a deep elf pyromancer on level 10 of the Dungeon)

   Int:       It affects your intelligence (+2).
   MP:        It affects your magic capacity (+9).
   SInv:      It lets you see invisible.
   Will:      It increases your willpower.
Armour
 e - a +0 helmet (worn)
 C - a +1 pair of boots (worn)
 V - the +8 scale mail of the Unseen Realm (worn) {rC+ Dex-4 Stlth+}
   (You bought it in a shop on level 2 of the Orcish Mines)

   Dex:       It affects your dexterity (-4).
   rC:        It protects you from cold.
   Stlth:     It makes you more stealthy.
 W - the +3 cloak "Biohyuha" (worn) {Regen+ MP+9 Str+7}
   (You found it on level 15 of the Dungeon)

   Str:       It affects your strength (+7).
   MP:        It affects your magic capacity (+9).
   Regen:     It increases your rate of health regeneration.
 X - a +1 pair of gloves of dexterity (worn)
Magical Staves
 Q - a staff of air
Jewellery
 g - the ring of Guhay (on amulet) {rF+ MP+9 Str-5 Dex+6}
   (You found it on level 13 of the Dungeon)

   [ring of dexterity]

   Str:       It affects your strength (-5).
   Dex:       It affects your dexterity (+6).
   rF:        It protects you from fire.
   MP:        It affects your magic capacity (+9).
 u - a ring of fire
 v - a +5 ring of evasion (right hand)
 N - the ring "Guezebas" {rC++ Int-5 Dex+3 SInv}
   (You found it on level 5 of the Lair of Beasts)

   [ring of see invisible]

   Int:       It affects your intelligence (-5).
   Dex:       It affects your dexterity (+3).
   rC:        It greatly protects you from cold.
   SInv:      It lets you see invisible.
 P - a +6 ring of intelligence (left hand)
 R - the macabre finger necklace (around neck) {Finger+ rN+}
   (You found it on level 13 of the Dungeon)

   [amulet of nothing]

   Finger+:   It enables you to equip an extra ring.
   rN:        It protects you from negative energy.
Wands
 x - a wand of paralysis (8)
 A - a wand of quicksilver (1)
 E - a wand of polymorph (12)
 M - a wand of iceblast (9)
 S - a wand of flame (15)
 T - a wand of mindburst (7)
 U - a wand of digging (9)
Scrolls
 d - 8 scrolls of poison
 i - 4 scrolls of blinking
 j - 5 scrolls of enchant weapon
 k - a scroll of butterflies
 n - 6 scrolls of teleportation
 q - 4 scrolls of torment
 r - 5 scrolls of vulnerability
 w - 7 scrolls of magic mapping
 y - 8 scrolls of fog
 F - 3 scrolls of immolation
 G - 2 scrolls of enchant armour
 I - 2 scrolls of amnesia
Potions
 a - 4 potions of attraction
 b - 2 potions of magic
 c - 6 potions of curing
 f - 2 potions of invisibility
 h - 6 potions of might
 l - a potion of berserk rage
 m - 5 potions of ambrosia
 o - 5 potions of mutation
 p - 3 potions of heal wounds
 s - 8 potions of flight
 t - a potion of resistance
 z - 3 potions of cancellation
 B - 2 potions of lignification {unknown}
 D - 3 potions of haste {unknown}
 H - 3 potions of brilliance {unknown}


   Skills:
 * Level 3.7 Fighting
 * Level 3.6 Armour
 - Level 1.7 Dodging
 - Level 1.7 Stealth
 + Level 17.2 Spellcasting
 - Level 17.8 Conjurations
 * Level 2.6 Fire Magic
 * Level 1.6 Air Magic


You had 35 spell levels left.
You knew the following spells:

 Your Spells              Type           Power      Damage    Failure   Level
a - Magic Dart            Conj           100%       1d8       0%          1
b - Searing Ray           Conj           100%       2d8       0%          2
c - Iskenderun's Mystic   Conj/Tloc      86%        2d17      1%          4
d - Plasma Beam           Fire/Air       27%        2x1d43    86%         6

Your spell library contained the following spells:

 Spells                   Type           Power      Damage    Failure   Level
 Momentum Strike          Conj/Tloc      100%       3d10      1%          2
 Dazzling Flash           Conj/Hex       100%       N/A       1%          3
 Hailstorm                Conj/Ice       86%        3d17      1%          3
 Fulminant Prism          Conj/Hex       43%        3d19      1%          4
 Arcjolt                  Conj/Air       44%        1d54      1%          5
 Irradiate                Conj/Tmut      43%        3d26      1%          5
 Summon Small Mammal      Summ           100%       N/A       2%          1
 Blink                    Tloc           74%        N/A       4%          2
 Lesser Beckoning         Tloc           74%        N/A       4%          2
 Sublimation of Blood     Necr           37%        N/A       4%          2
 Vhi's Electric Charge    Tloc/Air       88%        N/A       5%          3
 Call Canine Familiar     Summ           37%        N/A       8%          3
 Frozen Ramparts          Ice            74%        1d12      8%          3
 Summon Guardian Golem    Hex/Summ       37%        N/A       8%          3
 Tukima's Dance           Hex            37%        N/A       8%          3
 Summon Lightning Spire   Summ/Air       44%        N/A       19%         4
 Ice Form                 Ice/Tmut       37%        N/A       26%         4
 Leda's Liquefaction      Hex/Erth       18%        N/A       26%         4
 Passage of Golubria      Tloc           37%        N/A       26%         4
 Petrify                  Tmut/Erth      37%        N/A       26%         4
 Summon Ice Beast         Ice/Summ       37%        N/A       26%         4
 Alistair's Intoxication  Tmut/Pois      24%        N/A       58%         5
 Borgnjor's Vile Clutch   Necr/Erth      18%        N/A       58%         5
 Lee's Rapid Deconstruct  Erth           18%        3d11*     58%         5
 Yara's Violent Unravell  Hex/Tmut       18%        3d9       58%         5
 Eringya's Noxious Bog    Tmut/Pois      18%        N/A       99%         6
 Simulacrum               Ice/Necr       18%        N/A       99%         6
 Statue Form              Tmut/Erth      24%        N/A       99%         6
 Storm Form               Tmut/Air       22%        N/A       100%        7
 Maxwell's Capacitive Co  Air            25%        ∞         100%        8


Dungeon Overview and Level Annotations

Branches:
Dungeon (15/15)            Temple (0/1) D:7            Lair (5/5) D:10
 Shoals (1/4) Lair:3       Spider (0/4) Lair:2        Slime (0/5) Lair:4
    Orc (2/2) D:11            Elf (1/3) Orc:2        Vaults (0/5) D:14
 Depths (0/4) D:15        Ossuary (visited)

Shops:
D:8 *?   D:9 *   Orc:2 [[:?

Portals:
Trove: D:11 (give +2 gold dragon scales)


Innate Abilities, Weirdness & Mutations

You have an increased reservoir of magic. (+10% MP)
You shall have no god before yourself.
Your divine heritage dramatically boosts your attributes as you level up.


Message History

Casting: Iskenderun's Mystic Blast (mildly dangerous; 1% risk of failure)
Confirm with . or Enter, or press ? or * to list all spells.
Aiming: Searing Ray (safe; 0% risk of failure)
Press: ? - help, Shift-Dir - straight line, f/p - alligator snapping turtle
Aim: an alligator snapping turtle (almost dead, 100% to hit)
The searing ray hits the alligator snapping turtle but does no damage.
The alligator snapping turtle is almost dead. (Press . to maintain the ray.) Unknown command.
The searing ray hits the alligator snapping turtle!
The alligator snapping turtle is almost dead.
The searing ray hits the alligator snapping turtle but does no damage.
The alligator snapping turtle is almost dead.
The alligator snapping turtle bites you from afar!!
The searing ray hits the alligator snapping turtle but does no damage.
The alligator snapping turtle is almost dead.
You finish channelling your searing ray.
The alligator snapping turtle closely misses you.
Unknown command.
Aiming: Mindburst
Press: ? - help, Shift-Dir - straight line, f/p - alligator snapping turtle
Aim: an alligator snapping turtle (almost dead, chance to affect: 29%)
The alligator snapping turtle easily resists.
Aiming: Iceblast
Press: ? - help, Shift-Dir - straight line, f/p - alligator snapping turtle
Aim: an alligator snapping turtle (almost dead)
The mass of ice explodes!
The iceblast engulfs the alligator snapping turtle.
The alligator snapping turtle is almost dead.
The alligator snapping turtle bites you from afar!!
* * * LOW HITPOINT WARNING * * *
Unknown command.
Aiming: Iceblast
Press: ? - help, Shift-Dir - straight line, f/p - alligator snapping turtle
Aim: an alligator snapping turtle (almost dead)
The mass of ice explodes!
The iceblast engulfs the alligator snapping turtle but does no damage.
The alligator snapping turtle is almost dead.
The alligator snapping turtle bites you from afar!!
You die...

≈≈≈≈≈≈~~.........~~~~.## #.~~
≈≈≈≈≈~~~....[........#####.~~
≈≈≈≈≈~~.......####.####...~~~
≈≈≈≈≈≈≈≈~~~......####### #..~~~~
≈≈≈≈≈≈≈~~~...~...###..# #...~~~
≈≈≈≈≈≈~~~~~~~...###.~.# ###.~~~
≈≈≈≈≈≈~~.~~~.~t.##.~~.## ##.~~
≈≈≈≈≈≈~......~~....~~~.#######~~≈
≈≈≈≈~~~~......~.@.............~~≈
≈≈≈~~~~..............##...~~~~~≈≈
≈≈~~~[).<.)##.....~..#.~~~~~~~~~≈
≈~~~......###..##.~~..~~~~~.~~~~~
~~~~~...#)).)).....~~.~~~~....~~~
~~~~~.######).....~~~~~~~..##..~~
.~~~~.######....~≈~~~≈≈≈~..###.~~
~^~~~~...##.~~.~≈≈≈~≈≈≈~..###.~~~
~~~~~~......~~~~≈≈≈≈≈≈~...###.~~~


You could see an alligator snapping turtle.

Vanquished Creatures
  A dire elephant (D:15)
  An ettin (Orc:2)
  2 merfolk impalers (Shoals:1)
  Josephine (Shoals:1)
  5 hydras
  4 vault guards
  2 ogre magi (Orc:2)
  2 centaur warriors
  A merfolk avatar (Shoals:1)
  6 death yaks (Lair:5)
  A tengu warrior (D:12)
  13 two-headed ogres
  An orc high priest (D:12)
  Nergalle (Lair:2)
  4 skysharks
  A goliath frog (Lair:5)
  2 deep trolls (Orc:2)
  2 sea snakes (Shoals:1)
  The ghost of EnergyMaker the Fighter, a novice GrBe of Trog (D:7)
  3 lindwurms (Lair:1)
  A deep elf pyromancer (D:10)
  A harpy (shapeshifter) (D:13)
  5 fauns (Shoals:1)
  2 orc knights
  An ugly thing (D:12)
  A wolf spider (D:15)
  4 cyclopes
  An orc sorcerer (D:12)
  A salamander (D:15)
  4 black mambas
  8 manticores
  4 merfolk sirens (Shoals:1)
  A smoke demon (D:10)
  The ghost of SuvarnaParana the Cleaver, a novice MiBe of Trog (D:4)
  A cane toad (shapeshifter) (D:13)
  A gargoyle (D:12)
  A rime drake (Lair:2)
  18 cane toads
  2 unseen horrors
  2 efreet
  A yaktaur (D:15)
  2 kobold demonologists (D:12)
  8 komodo dragons
  A tengu conjurer (D:12)
  5 merfolk (Shoals:1)
  14 trolls
  6 polar bears
  6 meliai
  A wind drake (Shoals:1)
  3 tyrant leeches (Lair:5)
  32 blink frogs
  6 dream sheep (Lair:5)
  5 snapping turtles (Shoals:1)
  26 slime creatures
  5 wraiths
  42 yaks
  5 wyverns
  2 fire bats (D:10)
  2 shadows (D:10)
  A vampire (D:10)
  3 fire elementals (D:10)
  A redback (Lair:2)
  4 basilisks
  7 humans (D:14)
  15 vampire mosquitoes
  2 wargs
  13 water moccasins
  An acid dragon (D:8)
  3 black bears
  A sky beast (D:7)
  24 ogres
  22 orc warriors
  11 wolves
  7 centaurs
  A phantom (D:5)
  3 kobold brigands
  17 bullfrogs
  A gnoll sergeant (D:8)
  2 scorpions
  12 wights
  23 killer bees
  9 howler monkeys
  2 centaur zombies (Ossuary)
  5 hounds
  2 gnoll boudas
  2 jellies (D:5)
  23 orc priests
  Crazy Yiuf (D:3)
  A sleepcap (D:5)
  2 iguanas
  33 orc wizards
  4 hell rats (Lair:1)
  3 ogre zombies (Ossuary)
  8 mummies
  10 gnolls
  3 adders
  3 shadow imps
  2 adder zombies (Ossuary)
  2 worms
  2 dart slugs
  79 orcs
  6 endoplasms
  6 giant cockroaches
  3 gnoll zombies (Ossuary)
  10 goblins
  11 hobgoblins
  3 jackals (D:4)
  3 quokkas
  8 ball pythons
  3 bats
  3 frilled lizards
  5 goblin zombies (Ossuary)
  3 hobgoblin zombies (Ossuary)
  12 kobolds
  2 kobold zombies (Ossuary)
  2 orc zombies (Ossuary)
  4 quokka zombies (Ossuary)
  7 rats
  4 rat zombies (Ossuary)
751 creatures vanquished.

Vanquished Creatures (others)
  A human (D:14)
1 creature vanquished.

Grand Total: 752 creatures vanquished

Notes
Turn   | Place    | Note
-------+----------+-------------------------------------------
     0 | D:1      | McKennaii the Demigod Conjurer began the quest for the Orb.
     0 | D:1      | Reached XP level 1. HP: 14/14 MP: 5/5
   519 | D:1      | Reached XP level 2. HP: 20/20 MP: 3/7
  1343 | D:2      | Learned a level 2 spell: Searing Ray
  1388 | D:2      | Reached XP level 3. HP: 26/26 MP: 0/9
  2396 | D:3      | Found a runed translucent door.
  2397 | D:3      | Noticed Crazy Yiuf
  2786 | D:4      | Reached XP level 4. HP: 33/33 MP: 0/11
  2972 | D:4      | Identified the +2 robe of Wu Jian's Grace {rCorr SInv}
  3217 | D:4      | Found a large runed translucent door.
  3217 | D:4      | Found a large runed translucent door.
  3248 | D:4      | Reached XP level 5. HP: 32/38 MP: 6/13
  3250 | D:4      | Reached skill level 5 in Conjurations
  3425 | D:4      | Reached XP level 6. HP: 45/45 MP: 8/15
  3762 | D:4      | Noticed SuvarnaParana's ghost (novice MiBe)
  3773 | D:5      | Entered Level 5 of the Dungeon
  4107 | D:5      | Learned a level 4 spell: Iskenderun's Mystic Blast
  4360 | D:5      | Reached skill level 5 in Spellcasting
  4360 | D:5      | Reached XP level 7. HP: 50/50 MP: 12/18
  6045 | D:7      | Reached XP level 8. HP: 56/57 MP: 15/20
  6680 | D:7      | Found a staircase to the Ecumenical Temple.
  6896 | D:7      | Found a runed translucent gate.
  6897 | D:7      | Noticed EnergyMaker's ghost (novice GrBe)
  6897 | D:7      | Found a runed translucent gate.
  6898 | D:7      | Found a runed translucent gate.
  7497 | D:3      | Killed Crazy Yiuf
  7591 | D:4      | Killed SuvarnaParana's ghost
  8049 | D:7      | Killed EnergyMaker's ghost
  8050 | D:7      | Reached XP level 9. HP: 36/62 MP: 1/25
  8481 | D:8      | Found Kiotz's Magic Scroll Boutique.
  8718 | D:8      | Found a sand-covered staircase.
  8755 | Ossuary  | Entered an ossuary
  9832 | D:8      | Bought a scroll of teleportation for 42 gold pieces
  9832 | D:8      | Bought a scroll of blinking for 105 gold pieces
  9832 | D:8      | Bought a scroll of identify for 28 gold pieces
  9861 | D:8      | Found Lizumuil's Mass Market.
  9882 | D:8      | Reached skill level 10 in Conjurations
  9912 | D:8      | Noticed a komodo dragon
  9921 | D:8      | Killed a komodo dragon
 10985 | D:9      | Reached XP level 10. HP: 68/69 MP: 17/27
 11560 | D:9      | Noticed a two-headed ogre
 11567 | D:9      | Killed a two-headed ogre
 11642 | D:9      | Found Gozag's Platinum Reserve.
 11690 | D:9      | Reached skill level 10 in Spellcasting
 12313 | D:10     | Entered Level 10 of the Dungeon
 12472 | D:9      | HP: 3/69 [centaur/arrow (3)]
 12790 | D:10     | Found a staircase to the Lair.
 13100 | D:10     | Identified the +1 demon whip of Ywothempia {flame, Will+
                  | MP+9 Int+2 SInv}
 13100 | D:10     | Noticed a deep elf pyromancer
 13246 | D:10     | Killed a deep elf pyromancer
 13247 | D:10     | Reached XP level 11. HP: 56/74 MP: 19/30
 14770 | D:11     | Found a portal to a secret trove of treasure.
 15262 | D:11     | Found a staircase to the Orcish Mines.
 15323 | D:11     | Noticed a two-headed ogre
 15336 | D:11     | Killed a two-headed ogre
 16244 | D:12     | HP: 2/74 [cyclops/large rock (28)]
 16521 | D:12     | Found a runed translucent door.
 16657 | D:12     | Noticed a tengu warrior
 16710 | Lair:1   | Entered Level 1 of the Lair of Beasts
 17278 | Lair:1   | Noticed a lindwurm
 17279 | Lair:1   | Noticed a lindwurm
 17297 | Lair:1   | Killed a lindwurm
 17304 | Lair:1   | Killed a lindwurm
 17304 | Lair:1   | Noticed a lindwurm
 17305 | Lair:1   | Reached XP level 12. HP: 44/81 MP: 1/33
 17323 | Lair:1   | HP: 2/81 [lindwurm (6)]
 18915 | Lair:2   | Found a hole to the Spider Nest.
 18933 | Lair:2   | Noticed Nergalle
 18943 | Lair:2   | Killed Nergalle
 20821 | Lair:3   | You fall into a shaft and drop 2 floors!
 20821 | Lair:5   | Entered Level 5 of the Lair of Beasts
 21146 | Lair:5   | Reached skill level 15 in Conjurations
 21833 | Lair:5   | Reached XP level 13. HP: 73/86 MP: 35/35
 23680 | Lair:5   | Identified the ring "Guezebas" {rC++ Int-5 Dex+3 SInv}
 25459 | Lair:4   | Found a staircase to the Slime Pits.
 25792 | Lair:3   | Found a staircase to the Shoals.
 26533 | D:12     | Reached skill level 15 in Spellcasting
 27567 | D:13     | Identified the ring of Guhay {rF+ MP+9 Str-5 Dex+6}
 27712 | D:13     | Reached XP level 14. HP: 93/93 MP: 8/38
 28389 | D:13     | Found the macabre finger necklace {Finger+ rN+}
 31283 | D:14     | Found a gate to the Vaults.
 31496 | D:15     | Entered Level 15 of the Dungeon
 31525 | D:15     | Identified the +3 cloak "Biohyuha" {Regen+ MP+9 Str+7}
 32631 | D:15     | Found a staircase to the Depths.
 33206 | Orc:1    | Entered Level 1 of the Orcish Mines
 33351 | Orc:1    | You fall into a shaft and drop 1 floor!
 33351 | Orc:2    | Entered Level 2 of the Orcish Mines
 33355 | Orc:2    | Found a staircase to the Elven Halls.
 34662 | Orc:2    | Found Zuthretw Gamu's Antique Armour Shop.
 35341 | Orc:2    | Found Jaikiuk's Antique Armour Shoppe.
 35342 | Orc:2    | Found Gizuk's Magic Scroll Emporium.
 35342 | Orc:2    | Found Wejyatu's Book Emporium.
 35364 | Orc:2    | Bought a scroll of blinking for 112 gold pieces
 35364 | Orc:2    | Bought a scroll of teleportation for 45 gold pieces
 35450 | Orc:2    | Bought a polished ring mail for 342 gold pieces
 35450 | Orc:2    | Identified the +2 ring mail of Lucla {rF+} (You bought it
                  | in a shop on level 2 of the Orcish Mines)
 35461 | Orc:2    | Bought a pitted leather armour for 266 gold pieces
 35461 | Orc:2    | Identified the +5 leather armour of Kigoatim {-Tele Rampage
                  | Int+4} (You bought it in a shop on level 2 of the Orcish
                  | Mines)
 35471 | Orc:2    | Bought a translucent chain mail for 361 gold pieces
 35471 | Orc:2    | Identified the +2 chain mail "Nexkavac" {Str+2} (You bought
                  | it in a shop on level 2 of the Orcish Mines)
 35472 | Orc:2    | Bought an ichor-stained leather armour for 266 gold pieces
 35472 | Orc:2    | Identified the +1 leather armour of Pandemonium {rElec rN+
                  | Stlth-} (You bought it in a shop on level 2 of the Orcish
                  | Mines)
 35478 | Orc:2    | Bought an ancient scale mail for 225 gold pieces
 35478 | Orc:2    | Identified the +8 scale mail of the Unseen Realm {rC+ Dex-4
                  | Stlth+} (You bought it in a shop on level 2 of the Orcish
                  | Mines)
 35478 | Orc:2    | Bought a pair of embroidered gloves for 187 gold pieces
 35555 | Orc:2    | Reached XP level 15. HP: 89/100 MP: 41/41
 35652 | Elf:1    | Entered Level 1 of the Elven Halls
 35812 | Shoals:1 | Entered Level 1 of the Shoals
 35820 | Shoals:1 | Reached skill level 1 in Fighting
 35820 | Shoals:1 | Reached skill level 1 in Armour
 36261 | Shoals:1 | Noticed Josephine
 36280 | Shoals:1 | Killed Josephine
 36428 | Shoals:1 | Learned a level 6 spell: Plasma Beam
 36637 | Shoals:1 | Reached skill level 1 in Fire Magic
 36787 | Shoals:1 | Reached skill level 1 in Air Magic
 37613 | Shoals:1 | Mangled by an alligator snapping turtle

Illustrated notes

Levels and vault maps discovered:
D:1:      ldierk_walled_garden, layout_loops_corners
D:2:      layout_basic
D:3:      layout_rooms, serial_glass, glass_columns_a, glass_columns_b,
          glass_columns_b, glass_columns_c, uniq_crazy_yiuf_cottage
D:4:      layout_rooms, ebering_ghost_disaster_area, grunt_decor_arrowhead,
          minmay_vboxes
D:5:      layout_loops_ring, tso_oasis_becter
D:6:      layout_rooms, mainiacjoe_overflow_24_doors, minivault_5
D:7:      layout_loops_ring, temple_pool_b, biasface_ghost_orc_armoury
D:8:      layout_loops_ring, nicolae_overflow_hidden_temple, lemuel_tele_altar,
          serial_shops, nicolae_shop_tiny_waterfront, gup_ossuary_entry_pyramid,
          minmay_shop_mass, hex_tiny, minmay_unpleasant_kobolds
D:9:      layout_roguey, mainiacjoe_overflow_cross_hatched,
          nicolae_gozag_zags_fifth_avenue
D:10:     minmay_firetagon, layout_irregular_city, due_lair_maze_entry_diamond
D:11:     layout_basic, erik_orc_3, nicolae_trove_entry_crossroad,
          chequers_mini_garden
D:12:     layout_basic, lightli_church_of_beogh
D:13:     layout_stronghold, eino_jars
D:14:     layout_loops_ring, ximxim_vaults_locker_room
D:15:     hangedman_depths_entry_try_elsewhere_first, layout_layer_cave
Lair:1:   layout_layer_cave, small_statue_intersection, nicolae_lair_lindhole
Lair:2:   layout_loops_ring, spider_nest_entry_rubble, serial_bayou_shore_b,
          uniq_nergalle
Lair:3:   layout_chaotic_city, elwin_shoals_entry_rocks, grunt_megastairs_4
Lair:4:   layout_loops_ring, slime_entry_1, serial_bayou_shore_a
Lair:5:   minmay_lair_end_frog_pond, layout_regular_city
Shoals:1: layout_shoals, uniq_josephine
Orc:1:    layout_diamond_mine
Orc:2:    st_orc_open, layout_caves
Elf:1:    layout_geoelf_diagonals, minmay_elf_annihilation

Skill      XL: |  1  2  3  4  5  6  7  8  9 10 11 12 13 14 15 |
---------------+----------------------------------------------+-----
Spellcasting   | 2 3 4 5 6 7 9 10 12 13 15 17 | 17.2
Conjurations   | 4 5 6 7 9 10 12 13 15 16 17 | 17.8
Fighting       | 3 |  3.7
Armour         | 3 |  3.6
Fire Magic     | 2 |  2.6
Air Magic      | 1 |  1.6
Dodging        | |  1.7
Stealth        | |  1.7

Action                     |  1- 3 |  4- 6 |  7- 9 | 10-12 | 13-15 || total
---------------------------+-------+-------+-------+-------+-------++-------
  Melee: Unarmed           |     9 |       |       |       |       ||     9
         Short sword       |       |       |       |     4 |       ||     4
         Demon whip        |       |       |       |    53 |    33 ||    86
         Punch             |       |       |       |     2 |       ||     2
   Cast: Magic Dart        |   112 |    45 |   124 |   316 |   521 ||  1118
         Searing Ray       |       |    11 |   103 |   118 |   149 ||   381
         Iskenderun's Myst |       |       |    12 |   180 |   452 ||   644
  Evoke: Wand              |       |       |     3 |     8 |    12 ||    23
    Use: Scroll            |       |       |    10 |    11 |    10 ||    31
         Potion            |       |       |       |     5 |       ||     5
   Stab: Paralysed         |       |       |       |       |     6 ||     6
 Armour: Robe              |     4 |     2 |    11 |    49 |    43 ||   109
         Scale mail        |       |       |       |       |    56 ||    56
  Dodge: Dodged            |    17 |    13 |    71 |   244 |   249 ||   594
  Block: Other             |       |       |       |       |    18 ||    18
